 Dungeon Sprint DCSS version 0.28.0-53-g5a82cb258f (webtiles) character file.

Game seed: 5162546183188212551

3300000 Zeld the Intangible (level 19, -19/174 HPs)
             Began as a Djinni Monk on May 26, 2022.
             Was the Champion of Makhleb.
             Demolished by The Servant
             ... wielding a +9 glaive of flaming
              (70 damage)
             ... in the Dungeon (Sprint VIII: "Arena of Blood").
             The game lasted 00:00:37 (33 turns).

Zeld the Intangible (Djinni Monk)                     Turns: 33, Time: 00:00:37

Health: -19/174    AC:  2    Str: 16    XL:     19   Next: 30%
Gold:   0          EV: 27    Int: 15    God:    Makhleb [******] SH:  0 Dex: 15

rFire   + + .      SeeInvis .   g - +∞ Axe of Woe
rCold   x . .      Faith    .   (shield currently unavailable)
rNeg    . . .      Spirit   .   a - +0 robe
rPois   ∞          Reflect  .   (no helmet)
rElec   .          Harm     .   (no cloak)
rCorr   .          Rampage  .   (no gloves)
Will    +....      NoTele   +   (boots unavailable)
Stlth   ++........              (no amulet)
HPRegen 0.39/turn               (no ring)
MPRegen 0.00/turn               (no ring)

@: flying
A: sickness immunity, fire resistance 2, cold vulnerability 1, float, innate
caster, HP casting, extra vitality 1
a: Renounce Religion, Minor Destruction, Lesser Servant of Makhleb, Major
Destruction, Greater Servant of Makhleb


You were in the Dungeon.
You worshipped Makhleb.
Makhleb was exalted by your worship.
You visited 1 branch

Inventory:

Hand Weapons
 g - the +∞ Axe of Woe (weapon)
   (You found it in the Dungeon)
Armour
 a - a +0 robe (worn)
Scrolls
 f - a scroll of blinking
Potions
 b - a potion of curing
 c - a potion of heal wounds
 d - a potion of haste
 e - a potion of berserk rage


   Skills:
 O Level 27 Fighting
 * Level 26.8 Axes
 O Level 27 Dodging
 - Level 1.5 Stealth
 - Level 3.0 Unarmed Combat
 * Level 20.6 Spellcasting
 * Level 26.3 Invocations


You had 22 spell levels left.
You knew the following spells:

 Your Spells              Type           Power      Damage    Failure   Level
a - Animate Skeleton      Necr           100%       N/A       0%          1
b - Searing Ray           Conj           100%       2d8       0%          2
c - Lesser Beckoning      Tloc           67%        N/A       0%          3
d - Portal Projectile     Hex/Tloc       100%       N/A       0%          3
e - Summon Lightning Spi  Summ/Air       67%        N/A       0%          4
f - Agony                 Necr           67%        N/A       1%          5
g - Dispersal             Tloc           33%        N/A       1%          6
h - Enfeeble              Hex            33%        N/A       1%          7
i - Conjure Ball Lightni  Conj/Air       33%        3x3d11    1%          6
Your spell library was empty.

Dungeon Overview and Level Annotations

Branches:
Dungeon (1/1)

Altars:
Makhleb

Annotations:
D The Servant


Innate Abilities, Weirdness & Mutations

You are immune to sickness and miasma.
You are immune to poison.
Your flesh is very heat resistant. (rF++)
You are vulnerable to cold. (rC-)
You float through the air rather than walking.
You learn spells naturally, not from books.
Your magical power is your life essence.
You have superior vitality. (+4 MHP)


Message History

The bag of meat shouts!
You hear a shout!
The meat berserker rages.
You hear a shout! x9
The Servant hits you with a +9 glaive of flaming!!!!
The Servant burns you.
You hear a shout!
A bag of meat comes into view. It is wielding a +9 war axe.
Things that are here:
a +9 war axe; a +30 ring of slaying You are too injured to fight recklessly!
Unknown command.
You are too injured to fight recklessly!
Unknown command.
You are too injured to fight recklessly!
Casting: Dispersal (mildly dangerous; 1% risk of failure)
Confirm with . or Enter, or press ? or * to list all spells.
You create some ball lightning!
The bag of meat shouts! 3 ball lightnings come into view.
The sculptor of flesh appears out of thin air!
A sculptor of flesh comes into view. It is wielding a +9 great sword.
You hear a shout! x6
The meat berserker hits your ball lightning with a +9 battleaxe!!!
Your ball lightning explodes!
The blast of lightning engulfs the meat berserker!
The meat berserker is lightly wounded.
The blast of lightning engulfs your ball lightning.
Your ball lightning completely resists.
The blast of lightning engulfs the sculptor of flesh!
The sculptor of flesh is lightly damaged.
The blast of lightning engulfs your ball lightning.
Your ball lightning completely resists.
The blast of lightning engulfs the meat berserker!
The meat berserker is lightly wounded.
The blast of lightning engulfs you!
* * * LOW HITPOINT WARNING * * *
You hear a shout! x2
A bag of meat comes into view. It is wielding a +9 war axe.
The Servant hits you with a +9 glaive of flaming!!!
You die... o. ooo.... .. oo...

#o. ....# #..
.o.# .. .###..
.O.###...
......###........
.....§☼☼).@......
....#°)*)@#.... .
#z○§*_# . #.O)))#
......O_........
......###.......
.###.. ...###..
#.. ...# . #..
...# .. ...


You could see The Servant (ally target), a sculptor of flesh, 3 meat berserkers,
6 bags of meat and 2 friendly ball lightnings.

Vanquished Creatures
  A vampire knight (D)
  6 ogres (D)
  A two-headed ogre (D)
  13 orcs (D)
21 creatures vanquished.

Vanquished Creatures (others)
  A ball lightning (D)
1 creature vanquished.

Grand Total: 22 creatures vanquished

Notes
Turn   | Place    | Note
-------+----------+-------------------------------------------
     0 | D        | Found the +∞ Axe of Woe
     0 | D        | Zeld the Djinni Monk began the quest for the Orb.
     0 | D        | Reached XP level 1. HP: 20/20 MP: 0/0
     0 | D        | Noticed a meat berserker
     2 | D        | Noticed a bag of meat
     2 | D        | Noticed a bag of meat
     3 | D        | Noticed a meat berserker
     4 | D        | Became a worshipper of Makhleb the Destroyer
     4 | D        | Reached * piety under Makhleb
     4 | D        | Reached ** piety under Makhleb
     4 | D        | Noticed a meat berserker
     5 | D        | Killed a meat berserker
     6 | D        | Reached skill level 15 in Fighting
     6 | D        | Reached XP level 2. HP: 43/43 MP: 0/0
     6 | D        | Reached XP level 3. HP: 49/49 MP: 0/0
     6 | D        | Learned a level 1 spell: Animate Skeleton
     6 | D        | Reached XP level 4. HP: 55/55 MP: 0/0
     6 | D        | Reached XP level 5. HP: 60/60 MP: 0/0
     6 | D        | Learned a level 2 spell: Searing Ray
     6 | D        | Reached XP level 6. HP: 67/67 MP: 0/0
     6 | D        | Reached XP level 7. HP: 72/72 MP: 0/0
     6 | D        | Learned a level 3 spell: Lesser Beckoning
     6 | D        | Reached XP level 8. HP: 78/78 MP: 0/0
     6 | D        | Reached XP level 9. HP: 84/84 MP: 0/0
     6 | D        | Learned a level 3 spell: Portal Projectile
     6 | D        | Reached XP level 10. HP: 90/90 MP: 0/0
     6 | D        | Reached XP level 11. HP: 95/95 MP: 0/0
     6 | D        | Learned a level 4 spell: Summon Lightning Spire
     6 | D        | Reached XP level 12. HP: 102/102 MP: 0/0
     6 | D        | Killed a meat berserker
     6 | D        | Killed a meat berserker
     6 | D        | Reached *** piety under Makhleb
     6 | D        | Noticed a meat berserker
     7 | D        | Reached XP level 13. HP: 115/115 MP: 0/0
     7 | D        | Learned a level 5 spell: Agony
     7 | D        | Reached XP level 14. HP: 121/121 MP: 0/0
     7 | D        | Killed a bag of meat
     8 | D        | Noticed a bag of meat
     8 | D        | Noticed a bag of meat
     9 | D        | Killed a meat berserker
     9 | D        | Noticed a bag of meat
    10 | D        | Reached skill level 15 in Axes
    10 | D        | Reached XP level 15. HP: 98/132 MP: 0/0
    10 | D        | Learned a level 6 spell: Dispersal
    12 | D        | Reached **** piety under Makhleb
    13 | D        | Reached skill level 15 in Spellcasting
    14 | D        | Reached XP level 16. HP: 143/143 MP: 0/0
    18 | D        | Noticed a large bag of meat
    20 | D        | Noticed a meat berserker
    22 | D        | Killed a large bag of meat
    22 | D        | Reached ***** piety under Makhleb
    23 | D        | Reached XP level 17. HP: 144/156 MP: 0/0
    23 | D        | Learned a level 7 spell: Enfeeble
    23 | D        | Noticed a meat berserker
    26 | D        | Killed a meat berserker
    27 | D        | Reached XP level 18. HP: 165/165 MP: 0/0
    27 | D        | Killed a meat berserker
    28 | D        | Reached skill level 27 in Dodging
    28 | D        | Noticed The Servant
    28 | D        | Noticed a meat berserker
    28 | D        | Noticed a meat berserker
    29 | D        | Reached ****** piety under Makhleb
    29 | D        | Noticed a destroyer
    30 | D        | Reached skill level 27 in Fighting
    31 | D        | Killed a destroyer
    31 | D        | Noticed a meat berserker
    32 | D        | Reached XP level 19. HP: 139/174 MP: 0/0
    32 | D        | Learned a level 6 spell: Conjure Ball Lightning
    33 | D        | Demolished by The Servant

Illustrated notes

Levels and vault maps discovered:
D:        meatsprint

Skill      XL: |  1  2  3  4  5  6  7  8  9 10 11 12 13 14 15 16 17 18 |
---------------+-------------------------------------------------------+-----
Fighting       | 15 18 20 22 25 26 27 | 27.0
Axes           | 11 14 15 17 20 22 26 | 26.8
Dodging        | 16 20 22 23 25 26 27 | 27.0
Spellcasting   | 9 12 14 15 17 18 20 | 20.6
Invocations    | 12 16 18 19 22 23 26 | 26.3
Stealth        | |  1.5
Unarmed Combat | |  3.0

Action                   |  1- 3 |  4- 6 |  7- 9 | 10-12 | 13-15 | 16-18 | 19-21 || total
-------------------------+-------+-------+-------+-------+-------+-------+-------++-------
Melee: Executioner's axe |     1 |       |       |     1 |     5 |     6 |       ||    13
 Cast: Dispersal         |       |       |       |       |       |     1 |       ||     1
       Conjure Ball Ligh |       |       |       |       |       |       |     1 ||     1
Dodge: Dodged            |       |       |       |       |     1 |     3 |       ||     4
